A- EAST
CHARLESTON RIVERDOGS @ KANNAPOLIS CANNON BALLERS
07/02/2041
 
TOP OF THE 1ST
Charleston RiverDogs batting - Pitching for Kannapolis Cannon Ballers : RHP Chet Hansen
Pitching: RHP Chet Hansen
Batting: RHB Cristo Ventura 0-0: Foul Ball, location: 23FF
0-1: Ball
1-1: Called Strike
1-2: Strikes out looking
Batting: RHB Joe Morrow 0-0: Ground out 5-3 (Groundball, 56, EV 103.8 MPH)
Batting: LHB Joey Wright 0-0: Ball
1-0: Swinging Strike
1-1: Foul Ball, location: 2F
1-2: Foul Ball, location: 3FF
1-2: Foul Ball, location: 7LDF
1-2: Fly out, F8 (Flyball, 8RD, EV 110.6 MPH)
Top of the 1st over - 0 runs, 0 hits, 0 errors, 0 left on base; Charleston 0 - Kannapolis 0
BOTTOM OF THE 1ST
Kannapolis Cannon Ballers batting - Pitching for Charleston RiverDogs : RHP Joe Byrd
Pitching: RHP Joe Byrd
Batting: LHB António Rodríguez 0-0: Ball
1-0: Called Strike
1-1: Foul Ball, location: 5FF
1-2: Ball
2-2: SINGLE (Flyball, 89M, EV 98.1 MPH)
Batting: LHB José Morán 0-0: Fly out, F4 (Popup, 4S, EV 77.5 MPH)
Batting: RHB Jeremiah Miller 0-0: Called Strike
0-1: Swinging Strike
0-2: Fly out, F7 (Line Drive, 7D, EV 108.8 MPH)
Batting: RHB Sam Holland 0-0: Ball
1-0: Called Strike
António Rodríguez steals 2nd base
1-1: Ball
2-1: Foul Ball, location: 25FF
2-2: Ball
3-2: Foul Ball, location: 5F
3-2: Foul Ball, location: 25F
3-2: Fly out, F7 (Line Drive, 7LM, EV 85.6 MPH)
Bottom of the 1st over - 0 runs, 1 hit, 0 errors, 1 left on base; Charleston 0 - Kannapolis 0
TOP OF THE 2ND
Charleston RiverDogs batting - Pitching for Kannapolis Cannon Ballers : RHP Chet Hansen
Batting: SHB Chris Whitehead 0-0: Called Strike
0-1: Ball
1-1: Ball
2-1: Foul Ball, location: 2F
2-2: SINGLE (Line Drive, 4MD, EV 96.3 MPH)
Batting: LHB José Rojas 0-0: Ball
1-0: Ball
2-0: Called Strike
2-1: Foul Ball, location: 2F
2-2: Strikes out swinging
Batting: RHB Rodrigo Garza 0-0: Ball
1-0: Foul Ball, location: 9LSF
1-1: Called Strike
1-2: Ball
2-2: Ball
3-2: Base on Balls
Chris Whitehead to second
Batting: RHB Luis Antonio Vázquez 0-0: Called Strike
0-1: Foul Ball, location: 2F
0-2: Ball
1-2: Foul Ball, location: 2F
1-2: Ball
Wild Pitch!
Chris Whitehead to third
Rodrigo Garza to second
2-2: Ball
3-2: Ground out U3 (Groundball, 34, EV 93.1 MPH)
Chris Whitehead scores
Rodrigo Garza to third
Batting: RHB Jesús Ramos 0-0: Called Strike
0-1: Called Strike
0-2: Fly out, F9 (Flyball, 89M, EV 90.0 MPH)
Top of the 2nd over - 1 run, 1 hit, 0 errors, 1 left on base; Charleston 1 - Kannapolis 0
BOTTOM OF THE 2ND
Kannapolis Cannon Ballers batting - Pitching for Charleston RiverDogs : RHP Joe Byrd
Batting: RHB Gino Tadini 0-0: Fly out, F7 (Line Drive, 7S, EV 98.8 MPH)
Batting: LHB Len Thompson 0-0: Ground out 4-3 (Groundball, 4, EV 80.0 MPH)
Batting: RHB Alfredo Pacheco 0-0: Ground out 6-3 (Groundball, 6, EV 82.5 MPH)
Bottom of the 2nd over - 0 runs, 0 hits, 0 errors, 0 left on base; Charleston 1 - Kannapolis 0
TOP OF THE 3RD
Charleston RiverDogs batting - Pitching for Kannapolis Cannon Ballers : RHP Chet Hansen
Batting: SHB J.R. Smith 0-0: Ball
1-0: Swinging Strike
1-1: Ball
2-1: Ball
3-1: Called Strike
3-2: Foul Ball, location: 5DF
3-2: Foul Ball, location: 2F
3-2: Fly out, F2 (Popup, 13S, EV 83.8 MPH)
Batting: RHB Cristo Ventura 0-0: Foul Ball, location: 9LMFF
0-1: Ball
1-1: Ground out 4-3 (Groundball, 4, EV 83.1 MPH)
Batting: RHB Joe Morrow 0-0: Called Strike
0-1: Called Strike
0-2: Ball
1-2: Ball
2-2: Hit by Pitch
Batting: LHB Joey Wright 0-0: Called Strike
0-1: Ball
1-1: Ball
2-1: Foul Ball, location: 2F
2-2: Ground out 4-3 (Groundball, 4, EV 85.0 MPH)
Top of the 3rd over - 0 runs, 0 hits, 0 errors, 1 left on base; Charleston 1 - Kannapolis 0
BOTTOM OF THE 3RD
Kannapolis Cannon Ballers batting - Pitching for Charleston RiverDogs : RHP Joe Byrd
Batting: RHB Rodrigo Silva 0-0: Foul Ball, location: 7LDF
0-1: Ball
1-1: Swinging Strike
1-2: Ground out 1-3 (Groundball, 34S, EV 67.5 MPH)
Batting: RHB César Chapa 0-0: Called Strike
0-1: Foul Ball, location: 23FF
0-2: Ball
1-2: Ball
2-2: Strikes out swinging
Batting: LHB António Rodríguez 0-0: Ball
1-0: Ball
2-0: Ground out U3 (Groundball, 3S, EV 83.1 MPH)
Bottom of the 3rd over - 0 runs, 0 hits, 0 errors, 0 left on base; Charleston 1 - Kannapolis 0
TOP OF THE 4TH
Charleston RiverDogs batting - Pitching for Kannapolis Cannon Ballers : RHP Chet Hansen
Batting: SHB Chris Whitehead 0-0: Ground out U3 (Groundball, 3S, EV 66.9 MPH)
Batting: LHB José Rojas 0-0: Foul Ball, location: 23F
0-1: Ball
1-1: Ball
2-1: Foul Ball, location: 2F
2-2: Strikes out swinging
Batting: RHB Rodrigo Garza 0-0: Ball
1-0: Ball
2-0: Called Strike
2-1: Fly out, F9 (Line Drive, 9, EV 110.6 MPH)
Top of the 4th over - 0 runs, 0 hits, 0 errors, 0 left on base; Charleston 1 - Kannapolis 0
BOTTOM OF THE 4TH
Kannapolis Cannon Ballers batting - Pitching for Charleston RiverDogs : RHP Joe Byrd
Batting: LHB José Morán 0-0: Ball
1-0: Called Strike
1-1: Ground out 6-3 (Groundball, 6, EV 83.1 MPH)
Batting: RHB Jeremiah Miller 0-0: Ball
1-0: Swinging Strike
1-1: Fly out, F9 (Line Drive, 9S, EV 90.0 MPH)
Batting: RHB Sam Holland 0-0: Ball
1-0: Swinging Strike
1-1: Ball
2-1: Ball
3-1: Hit by Pitch
Batting: RHB Gino Tadini 0-0: Ball
1-0: Swinging Strike
1-1: Called Strike
1-2: DOUBLE (Line Drive, 9LD, EV 98.8 MPH)
Sam Holland to third
Batting: LHB Len Thompson 0-0: Ball
1-0: Ball
2-0: Ground out 5-3 (Groundball, 56, EV 99.4 MPH)
Bottom of the 4th over - 0 runs, 1 hit, 0 errors, 2 left on base; Charleston 1 - Kannapolis 0
TOP OF THE 5TH
Charleston RiverDogs batting - Pitching for Kannapolis Cannon Ballers : RHP Chet Hansen
Batting: RHB Luis Antonio Vázquez 0-0: Foul Ball, location: 23F
0-1: Called Strike
0-2: Foul Ball, location: 9LMF
0-2: Foul Ball, location: 9LDF
0-2: Ball
1-2: Ball
2-2: Ball
3-2: Fly out, F9 (Flyball, 9, EV 86.3 MPH)
Batting: RHB Jesús Ramos 0-0: Ball
1-0: Ball
2-0: Foul Ball, location: 3FF
2-1: Foul Ball, location: 3F
2-2: Ball
3-2: Ground out 6-3 (Groundball, 56, EV 110.0 MPH)
Batting: SHB J.R. Smith 0-0: Called Strike
0-1: Called Strike
0-2: Ball
1-2: Fly out, F8 (Flyball, 8RD, EV 106.9 MPH)
Top of the 5th over - 0 runs, 0 hits, 0 errors, 0 left on base; Charleston 1 - Kannapolis 0
BOTTOM OF THE 5TH
Kannapolis Cannon Ballers batting - Pitching for Charleston RiverDogs : RHP Joe Byrd
Batting: RHB Alfredo Pacheco 0-0: Called Strike
0-1: Foul Ball, location: 3F
0-2: Ball
1-2: Foul Ball, location: 2F
1-2: Ball
2-2: Foul Ball, location: 3DF
2-2: Ball
3-2: SOLO HOME RUN (Flyball, 9D, EV 93.8 MPH), Distance : 352 ft
Batting: RHB Rodrigo Silva 0-0: Ball
1-0: Ball
2-0: Foul Ball, location: 2F
2-1: Ground out 6-3 (Groundball, 6S, EV 77.5 MPH)
Batting: RHB César Chapa 0-0: Foul Ball, location: 25F
0-1: Ground out 4-3 (Groundball, 34, EV 96.3 MPH)
Batting: LHB António Rodríguez 0-0: Swinging Strike
0-1: Ball
1-1: Ball
2-1: Hit by Pitch
Batting: LHB José Morán 0-0: Ball
1-0: Called Strike
António Rodríguez steals 2nd base
1-1: Ball
2-1: Swinging Strike
2-2: Ball
3-2: Foul Ball, location: 2F
3-2: Strikes out looking
Bottom of the 5th over - 1 run, 1 hit, 0 errors, 1 left on base; Charleston 1 - Kannapolis 1
TOP OF THE 6TH
Charleston RiverDogs batting - Pitching for Kannapolis Cannon Ballers : RHP Chet Hansen
Pitching: RHP Joey Barnes
Batting: RHB Cristo Ventura 0-0: Ball
1-0: Fly out, F8 (Flyball, 8RS, EV 79.4 MPH)
Batting: RHB Joe Morrow 0-0: Called Strike
0-1: Fly out, F4 (Popup, 4MD, EV 62.5 MPH)
Batting: LHB Joey Wright 0-0: Called Strike
0-1: Fly out, F4 (Popup, 4, EV 61.3 MPH)
Top of the 6th over - 0 runs, 0 hits, 0 errors, 0 left on base; Charleston 1 - Kannapolis 1
BOTTOM OF THE 6TH
Kannapolis Cannon Ballers batting - Pitching for Charleston RiverDogs : RHP Joe Byrd
Batting: RHB Jeremiah Miller 0-0: Called Strike
0-1: Ball
1-1: Ball
2-1: Ball
3-1: Base on Balls
Batting: RHB Sam Holland 0-0: Ball
1-0: Foul Ball, location: 3F
1-1: Foul Ball, location: 7LMF
1-2: Ball
2-2: Foul Ball, location: 9LMF
2-2: Foul Ball, location: 25F
2-2: Foul Ball, location: 2F
2-2: Ball
3-2: 2-RUN HOME RUN (Flyball, 78XD, EV 103.1 MPH), Distance : 402 ft
Pitching: RHP Steve Palmer
Batting: RHB Gino Tadini 0-0: Ball
1-0: Swinging Strike
1-1: Foul Ball, location: 5F
1-2: Strikes out swinging
Batting: LHB Len Thompson 0-0: Ball
1-0: Called Strike
1-1: Swinging Strike
1-2: Ground out 4-3 (Groundball, 4D, EV 83.1 MPH)
Batting: RHB Alfredo Pacheco 0-0: Ball
1-0: DOUBLE (Line Drive, 89D, EV 98.8 MPH)
Batting: RHB Rodrigo Silva 0-0: Ball
1-0: Swinging Strike
1-1: Ball
2-1: Ball
3-1: Swinging Strike
3-2: Foul Ball, location: 9LDF
3-2: Base on Balls
Batting: RHB César Chapa 0-0: Called Strike
0-1: Foul Ball, location: 9LDF
0-2: Ground out 1-3 (Groundball, 13S, EV 61.3 MPH)
Bottom of the 6th over - 2 runs, 2 hits, 0 errors, 2 left on base; Charleston 1 - Kannapolis 3
TOP OF THE 7TH
Charleston RiverDogs batting - Pitching for Kannapolis Cannon Ballers : RHP Joey Barnes
Batting: SHB Chris Whitehead 0-0: Foul Ball, location: 2F
0-1: Swinging Strike
0-2: Hit by Pitch
Pinch Runner at 1st Jesús Hernández:
Batting: LHB José Rojas 0-0: Called Strike
0-1: Ball
1-1: Ball
2-1: Foul Ball, location: 5F
2-2: Strikes out swinging
Pinch Hitting: LHB Jorge Martínez 0-0: Ball
1-0: Ball
2-0: Ball
3-0: Base on Balls
Jesús Hernández to second
Batting: RHB Luis Antonio Vázquez 0-0: Called Strike
0-1: Swinging Strike
0-2: Ball
1-2: Ball
2-2: Ball
3-2: Strikes out looking
Batting: RHB Jesús Ramos 0-0: Ball
1-0: Called Strike
1-1: Foul Ball, location: 9LDF
1-2: Strikes out looking
Top of the 7th over - 0 runs, 0 hits, 0 errors, 2 left on base; Charleston 1 - Kannapolis 3
BOTTOM OF THE 7TH
Kannapolis Cannon Ballers batting - Pitching for Charleston RiverDogs : RHP Steve Palmer
Now at 1B: Jorge Martínez
Now in CF: Joey Wright
Batting: LHB António Rodríguez 0-0: Ball
1-0: Called Strike
1-1: Foul Ball, location: 7LSF
1-2: Ball
2-2: Ground out U3 (Groundball, 34S, EV 92.5 MPH)
Batting: LHB José Morán 0-0: Ball
1-0: Swinging Strike
1-1: Foul Ball, location: 2F
1-2: Strikes out swinging
Batting: RHB Jeremiah Miller 0-0: Called Strike
0-1: Called Strike
0-2: Ground out 1-3 (Groundball, 13, EV 66.3 MPH)
Bottom of the 7th over - 0 runs, 0 hits, 0 errors, 0 left on base; Charleston 1 - Kannapolis 3
TOP OF THE 8TH
Charleston RiverDogs batting - Pitching for Kannapolis Cannon Ballers : RHP Joey Barnes
Pitching: LHP José Hernández
Batting: SHB J.R. Smith 0-0: Ball
1-0: Ball
2-0: Called Strike
2-1: Foul Ball, location: 2F
2-2: Ball
3-2: SINGLE (Line Drive, 3D, EV 94.4 MPH)
Batting: RHB Cristo Ventura 0-0: Called Strike
0-1: DOUBLE (Flyball, 89D, EV 105.0 MPH)
J.R. Smith to third
Batting: RHB Joe Morrow 0-0: Ball
1-0: Swinging Strike
1-1: Swinging Strike
1-2: Fielders Choice at home, 4-2 (Groundball, 34, EV 104.4 MPH)
Cristo Ventura to third
Batting: LHB Joey Wright 0-0: Called Strike
0-1: Ball
1-1: Foul Ball, location: 3SF
1-2: Strikes out looking
Batting: RHB Manny Moreno 0-0: Ball
1-0: Fielders Choice at 2nd, 5-4 (Groundball, 56, EV 91.9 MPH)
Top of the 8th over - 0 runs, 2 hits, 0 errors, 2 left on base; Charleston 1 - Kannapolis 3
BOTTOM OF THE 8TH
Kannapolis Cannon Ballers batting - Pitching for Charleston RiverDogs : RHP Steve Palmer
Batting: RHB Sam Holland 0-0: Ball
1-0: Swinging Strike
1-1: Ball
2-1: Swinging Strike
2-2: Foul Ball, location: 23F
2-2: Foul Ball, location: 9LMF
2-2: Foul Ball, location: 5DF
2-2: Fly out, F7 (Flyball, 7LS, EV 86.9 MPH)
Batting: RHB Gino Tadini 0-0: Ball
1-0: Ground out 1-3 (Groundball, 15S, EV 70.6 MPH)
Batting: LHB Len Thompson 0-0: Called Strike
0-1: Foul Ball, location: 7LMF
0-2: SINGLE (Groundball, 34D, EV 108.1 MPH)
Batting: RHB Alfredo Pacheco 0-0: Called Strike
Len Thompson steals 2nd base (no throw)
0-1: Ground out 6-3 (Groundball, 6S, EV 68.1 MPH)
Bottom of the 8th over - 0 runs, 1 hit, 0 errors, 1 left on base; Charleston 1 - Kannapolis 3
TOP OF THE 9TH
Charleston RiverDogs batting - Pitching for Kannapolis Cannon Ballers : LHP José Hernández
Batting: LHB José Rojas 0-0: Called Strike
0-1: Ball
1-1: Ball
2-1: Ball
3-1: SINGLE (Groundball, 34D, EV 100.0 MPH)
Pinch Hitting: RHB Víctor Morales 0-0: Ball
1-0: Ball
2-0: Foul Ball, location: 7LMF
2-1: Foul Ball, location: 7LSF
2-2: 2-RUN HOME RUN (Flyball, 7D, EV 93.8 MPH), Distance : 348 ft
Batting: RHB Luis Antonio Vázquez 0-0: Ball
1-0: Swinging Strike
1-1: Ball
2-1: Foul Ball, location: 5SF
2-2: Foul Ball, location: 23F
2-2: SINGLE (Line Drive, 8LS, EV 93.8 MPH)
Batting: RHB Jesús Ramos 0-0: Ball
1-0: Swinging Strike
1-1: Swinging Strike
1-2: Ball
2-2: Strikes out swinging
Pinch Hitting: LHB Dave Peck 0-0: Ball
1-0: Ball
2-0: Grounds into double play, 5-4-3 (Groundball, 56, EV 81.3 MPH)
Top of the 9th over - 2 runs, 3 hits, 0 errors, 0 left on base; Charleston 3 - Kannapolis 3
BOTTOM OF THE 9TH
Kannapolis Cannon Ballers batting - Pitching for Charleston RiverDogs : RHP Steve Palmer
Now at C: Mauro Chicas
Now at 1B: Víctor Morales
Pinch Hitting: LHB Chris Hill 0-0: Ball
1-0: Ball
2-0: Ball
3-0: Base on Balls
Batting: RHB César Chapa
Pinch Hitting: RHB Pat Manley 0-0: Called Strike
0-1: Called Strike
0-2: Grounds into double play, 1-6-3 (Groundball, 13, EV 75.0 MPH)
Batting: LHB António Rodríguez 0-0: Called Strike
0-1: Called Strike
0-2: DOUBLE (Line Drive, 5D, EV 97.5 MPH)
Pitching: LHP Scot Murphy
Pinch Hitting: RHB Willie Crouch 0-0: Swinging Strike
0-1: Ball
1-1: Ball
2-1: Foul Ball, location: 7LDF
2-2: Ball
3-2: Strikes out looking
Bottom of the 9th over - 0 runs, 1 hit, 0 errors, 1 left on base; Charleston 3 - Kannapolis 3
TOP OF THE 10TH
Charleston RiverDogs batting - Pitching for Kannapolis Cannon Ballers : LHP José Hernández
Pitching: RHP Jeff O'Malquiney
Now at C: Mike Washington
Now at SS: Sergio Rodríguez
Now in RF: Chris Hill
Pinch Hitting: LHB Ippolito Palermo 0-0: Ball
1-0: DOUBLE (Line Drive, 9LM, EV 105.6 MPH)
Batting: RHB Joe Morrow 0-0: Sac Bunt to 2R - play at first, batter OUT! 2-3
Ippolito Palermo to third
Batting: LHB Joey Wright 0-0: Intentional Walk
Batting: RHB Manny Moreno 0-0: Foul Ball, location: 9LSF
0-1: Foul Ball, location: 7LSF
0-2: Strikes out swinging
Batting: LHB José Rojas 0-0: Foul Ball, location: 2F
0-1: Ball
1-1: Fly out, F3 (Popup, 23F, EV 86.9 MPH)
Top of the 10th over - 0 runs, 1 hit, 0 errors, 2 left on base; Charleston 3 - Kannapolis 3
BOTTOM OF THE 10TH
Kannapolis Cannon Ballers batting - Pitching for Charleston RiverDogs : LHP Scot Murphy
Pitching: LHP Jorge Morán
Now at 2B: Jerry Robinson
Batting: RHB Jeremiah Miller 0-0: Ball
1-0: Ball
2-0: Ball
3-0: Base on Balls
Batting: RHB Sam Holland 0-0: Ball
1-0: Ball
2-0: Called Strike
2-1: Foul Ball, location: 3FF
2-2: Grounds into double play, 6-4-3 (Groundball, 6, EV 84.4 MPH)
Batting: RHB Gino Tadini 0-0: Foul Ball, location: 7LMF
0-1: SINGLE (Groundball, 6MD, EV 101.9 MPH)
Pinch Hitting: RHB Jorge Chalco 0-0: Ball
1-0: Ball
2-0: Ball
3-0: Base on Balls
Gino Tadini to second
Batting: RHB Alfredo Pacheco 0-0: SINGLE (Line Drive, 8LS, EV 87.5 MPH)
Gino Tadini to third
Jorge Chalco to second
Runner from 3rd tries for Home, SAFE, throw by CF to home
Bottom of the 10th over - 1 run, 2 hits, 0 errors, 2 left on base; Charleston 3 - Kannapolis 4
Monday, April 1st , 2024 - OOTP Baseball 24.10 Build 82